 Dungeon Crawl Stone Soup version 0.29.1-15-g9cfb28693d (webtiles) character file.

Game seed: 9135930597823851488

24 Descartes the Ducker (level 2, 0/14 HPs)
             Began as a Felid Monk on Mar 24, 2023.
             Slain by a jackal (1 damage)
             ... on level 2 of the Dungeon.
             The game lasted 00:00:46 (728 turns).

Descartes the Ducker (Felid Monk)                    Turns: 728, Time: 00:00:47

Health: 0/14       AC:  1    Str:  7    XL:     2   Next: 79%
Magic:  3/3        EV: 19    Int: 11    God:
Gold:   39         SH:  0    Dex: 18    Spells: 1/1 levels left
                                        Lives:  0   Deaths: 0

rFire   . . .      SeeInvis +     - Unarmed
rCold   . . .      Faith    .   (shield unavailable)
rNeg    . . .      Spirit   .   (body armour unavailable)
rPois   .          Reflect  .   (helmet unavailable)
rElec   .          Harm     .   (cloak unavailable)
rCorr   .          Rampage  .   (gloves unavailable)
Will    .....                   (boots unavailable)
Stlth   +++.......              (no amulet)
HPRegen 0.04/turn               (no ring)
MPRegen 0.08/turn               (no ring)

@: quick
A: very small, claws 1, fangs 3, see invisible, speed 1, shaggy fur 1, stealthy
paws, no weapons or thrown items, no armour, multi-lived
a: no special abilities


You were on level 2 of the Dungeon.
You visited 1 branch of the dungeon, and saw 2 of its levels.

You collected 39 gold pieces.

Inventory:

Scrolls
 f - a scroll of fear {unknown}
Potions
 a - a potion of ambrosia
 b - 2 potions of curing {unknown}
 c - a potion of attraction {unknown}
 d - a potion of heal wounds {unknown}
 e - a potion of degeneration {unknown}


   Skills:
 + Level 3.2 Fighting
 + Level 4.4 Dodging
 + Level 3.3 Stealth
 + Level 3.2 Unarmed Combat


You had one spell level left.
You didn't know any spells.
Your spell library was empty.

Dungeon Overview and Level Annotations

Branches:
Dungeon (2/15)

Altars:


Innate Abilities, Weirdness & Mutations

You have sharp claws.
You have razor-sharp teeth.
You have supernaturally acute eyesight. (SInv)
You cover ground quickly. (Speed+)
You are covered in fur. (AC +1)
Your paws help you pounce on unaware monsters.
You are incapable of wielding weapons or throwing items.
You cannot wear armour.
You gain extra lives every three experience levels.


Message History

You scratch the jackal.
The jackal is severely wounded.
The jackal barely misses you.
You closely miss the jackal.
The jackal is severely wounded.
The jackal completely misses you. The jackal misses you.
You closely miss the jackal. You bite the jackal.
You kill the jackal!
You scratch the jackal but do no damage.
The jackal bites you.
You barely miss the jackal. The jackal bites you.
You scratch the jackal.
The jackal is almost dead.
The jackal bites you.
* * * LOW HITPOINT WARNING * * *
The jackal misses you.
You scratch the jackal but do no damage.
The jackal is almost dead.
The jackal misses you.
You scratch the jackal but do no damage.
You bite the jackal.
You kill the jackal!
You barely miss the jackal. The jackal bites you.
* * * LOW HITPOINT WARNING * * *
The jackal misses you.
You scratch the jackal.
The jackal is almost dead.
The jackal bites you.
* * * LOW HITPOINT WARNING * * *
You barely miss the jackal.
The jackal is severely wounded.
The jackal closely misses you. The jackal completely misses you.
You scratch the jackal but do no damage.
The jackal is severely wounded.
The jackal closely misses you.
Unknown command.
The jackal attacks as you move away! The jackal completely misses you.
The jackal attacks as you move away! The jackal barely misses you.
The jackal attacks as you move away! The jackal bites you.
You die...

§≈.≈≈ §≈ #§.≈# ≈.≈# ≈.
#≈§≈# #≈§≈#
≈.≈###≈§§###§.≈##
≈.≈≈§≈§.≈§≈§§.≈§§≈≈. #
......§........§..§§.# #
#..###†...#.##....#.##.#
##.###.##.#.# .........
..#.......@.# .........
........<.(#h# #.#$.....
...#########.####........
#. #.h.h..$......
#.#####....... #..
..>...# #.# ...##.# #.#
#.## # #.# .#


You could see 2 jackals.

Vanquished Creatures
  An endoplasm (D:1)
  2 giant cockroaches
  6 hobgoblins
  4 jackals (D:2)
  2 quokkas
  2 bats (D:1)
  2 kobolds (D:1)
19 creatures vanquished.

Notes
Turn   | Place    | Note
-------+----------+-------------------------------------------
     0 | D:1      | Descartes the Felid Monk began the quest for the Orb.
     0 | D:1      | Reached XP level 1. HP: 10/10 MP: 2/2
   280 | D:1      | Found a faded altar of an unknown god.
   500 | D:1      | Reached XP level 2. HP: 14/14 MP: 3/3
   728 | D:2      | Slain by a jackal

Illustrated notes

Levels and vault maps discovered:
D:1:      minmay_arrival_widening_spiral_wide, layout_basic,
          shapermc_ecumenical_altar_starsandcircs
D:2:      layout_loops_ring, basic_altar, kennysheep_boxes

Skill      XL: |  1 |
---------------+----+-----
Stealth        | 3 |  3.3
Fighting       | |  3.2
Dodging        | |  4.4
Unarmed Combat | |  3.2

Action                   || total
-------------------------++-------
Melee: Unarmed           ||    56
       Bite              ||     5
 Stab: Sleeping          ||     5
Armor: Skin              ||     2
Dodge: Dodged            ||    52
